Map: Acid Plant LE

Players

Nerchio

  • Race: Zerg Zerg
  • Spawn Location: 11:00

Harstem - Winner!

  • Race: Protoss Protoss
  • Spawn Location: 5:00

Event: WCS Montreal 2018

VOD

Have the link to the VOD?

Description

Time

  • Played on: Sept. 7, 2018, 6:45 p.m.
  • Length: 17:27

All games in this series

Show
View Real Time Build Order
Export as new Build Order

Nerchio Zerg 

Build Orders: Hatch First 

Get SALT Encoding   

  12  0:00  Drone  
  13  0:12  Overlord  
  13  0:16  Drone  
  14  0:31  Drone x2  
  16  0:48  Hatchery  
  15  0:51  Drone  
  15  0:55  Drone  
  17  0:58  Drone  
  18  1:06  Extractor  
  17  1:14  Spawning Pool  
  17  1:18  Drone  
  17  1:21  Drone  
  18  1:28  Drone  
  19  1:39  Overlord  
  19  1:49  Drone  
  20  2:00  Queen  
  20  2:01  Queen  
  22  2:02  Zergling x4  
  22  2:07  Metabolic Boost  
  26  2:12  Drone  
  27  2:16  Drone  
  27  2:21  Drone x2  
  30  2:37  Hatchery  
  30  2:43  Drone x2  
  31  2:45  Drone  
  31  2:49  Overlord  
  32  2:56  Queen  
  34  3:00  Drone  
  34  3:01  Drone  
  36  3:08  Drone  
  36  3:09  Drone x2  
  36  3:10  Drone  
  36  3:12  Drone  
  41  3:14  Drone  
  41  3:16  Drone  
  43  3:20  Overlord  
  43  3:24  Overlord  
  43  3:33  Overlord  
  43  3:41  Queen  
  43  3:44  Spore Crawler, Drone x5  
  49  3:48  Spore Crawler  
  49  3:49  Drone  
  49  3:50  Drone  
  49  3:52  Drone  
  49  3:54  Drone  
  52  4:03  Drone x2, Roach Warren  
  52  4:04  Drone  
  52  4:08  Spore Crawler  
  52  4:09  Drone  
  54  4:15  Extractor  
  53  4:18  Lair  
  53  4:24  Drone x6  
  59  4:26  Overlord  
  59  4:29  Overlord  
  59  4:40  Overlord  
  59  4:43  Roach  
  59  4:44  Roach x2  
  65  4:46  Roach x2  
  65  4:52  Roach  
  71  4:53  Roach  
  71  4:57  Roach x2  
  71  4:59  Roach  
  78  5:10  Roach  
  78  5:13  Zergling x2  
  81  5:17  Glial Reconstitution  
  81  5:29  Queen x3, Overlord x2  
  81  5:31  Drone x3  
  89  5:35  Overlord  
  89  5:45  Overlord x2  
  89  5:48  Extractor, Drone x10, Evolution Chamber  
  96  5:51  Spore Crawler  
  96  5:54  Spore Crawler  
  96  5:55  Drone x2  
  96  5:56  Drone x2  
  96  5:57  Spore Crawler  
  96  6:01  Zergling x8  
  96  6:05  Zergling x2  
  96  6:09  Spore Crawler, Zergling x2  
  96  6:10  Zergling x2  
  95  6:17  Zergling x4  
  96  6:19  Zergling x2  
  96  6:23  Zergling x4  
  97  6:26  Drone x4  
  97  6:27  Drone, Hatchery  
  97  6:29  Drone  
  97  6:31  Drone  
  95  6:38  Drone  
  88  6:40  Drone  
  88  6:41  Drone  
  88  6:42  Extractor  
  88  6:43  Extractor  
  88  6:45  Zerg Melee Weapons Level 1  
  88  6:46  Extractor, Drone x3  
  82  6:54  Drone x3  
  82  6:55  Spore Crawler  
  82  6:57  Drone x4, Spore Crawler  
  82  6:58  Drone, Spire  
  82  7:00  Drone  
  84  7:05  Burrow  
  85  7:08  Hatchery  
  85  7:11  Queen  
  86  7:19  Drone x8  
  86  7:20  Overlord  
  94  7:33  Spore Crawler  
  94  7:34  Drone  
  94  7:35  Drone x6  
  85  7:46  Overlord  
  81  7:52  Zergling x2  
  81  7:53  Zergling x20  
  92  7:59  Queen  
  94  8:12  Corruptor  
  94  8:13  Corruptor x6, Zerg Flyer Armor Level 1  
  94  8:16  Corruptor  
  110  8:24  Corruptor  
  110  8:25  Overlord  
  107  8:27  Corruptor  
  107  8:33  Drone x7  
  114  8:37  Drone x2  
  116  8:46  Corruptor  
  116  8:47  Corruptor  
  120  8:50  Corruptor  
  120  8:55  Drone x8  
  130  8:57  Extractor  
  130  8:59  Extractor  
  128  9:03  Overlord  
  127  9:10  Zerg Melee Weapons Level 2  
  127  9:12  Hydralisk Den  
  127  9:16  Zergling x22  
  137  9:24  Corruptor x2  
  137  9:30  Corruptor x2  
  145  9:39  Overlord x3  
  143  9:48  Corruptor x4  
  143  9:51  Corruptor  
  144  9:54  Corruptor  
  144  9:59  Corruptor  
  138  10:07  Corruptor x2  
  140  10:15  Corruptor  
  140  10:20  Zergling x20  
  150  10:25  Baneling Nest  
  150  10:27  Spire  
  148  10:31  Hatchery  
  148  10:35  Corruptor x2  
  146  10:47  Corruptor  
  146  10:48  Corruptor x2  
  150  10:58  Overlord  
  146  11:10  Drone x16  
  160  11:11  Extractor  
  160  11:12  Spore Crawler x2  
  160  11:14  Extractor, Spore Crawler  
  160  11:15  Baneling x9  
  155  11:20  Zerg Flyer Armor Level 2  
  155  11:26  Corruptor  
  155  11:32  Zerg Ground Armor Level 1  
  155  11:38  Infestation Pit  
  154  11:40  Grooved Spines  
  154  11:52  Corruptor x4  
  160  12:08  Zergling x30  
  154  12:14  Hatchery  
  157  12:24  Zergling x2  
  157  12:25  Zergling x34  
  168  12:31  Zerg Flyer Weapons Level 1  
  168  12:32  Hive  
  168  12:33  Infestor  
  168  12:37  Infestor  
  168  12:42  Infestor  
  168  12:43  Infestor x2  
  175  12:49  Baneling  
  175  12:50  Baneling  
  175  12:51  Baneling x3  
  175  12:56  Corruptor x3  
  181  12:58  Overlord  
  181  13:00  Overlord  
  181  13:03  Overlord x2  
  181  13:06  Overlord  
  181  13:17  Overseer x4  
  181  13:18  Overseer  
  162  13:30  Zergling x36  
  171  13:34  Spore Crawler  
  171  13:41  Spore Crawler  
  166  13:42  Spore Crawler x2  
  166  13:43  Zergling x10  
  169  13:50  Zergling x12  
  169  13:51  Zergling x2  
  170  14:09  Corruptor  
  159  14:10  Corruptor x4  
  164  14:18  Zergling x16  
  168  14:28  Corruptor  
  168  14:29  Corruptor x2  
  161  14:34  Corruptor  
  154  14:39  Corruptor  
  151  14:51  Corruptor  
  151  14:52  Corruptor  
  145  14:55  Corruptor  
  141  15:06  Viper x2  
  142  15:07  Zergling x6  
  147  15:14  Overseer x2  
  144  15:35  Overlord  
  138  15:46  Overseer, Infestor  
  138  15:47  Overseer x3  
  136  16:03  Drone x2  
  136  16:04  Drone x6  
  136  16:26  Overlord  
  136  16:27  Overlord x2  
  136  16:44  Hatchery  
  130  17:01  Hatchery  
Show
View Real Time Build Order
Export as new Build Order

Harstem Protoss - Winner!

Build Orders: 1 Gate Expand, Oracle Opening, Phoenix Opening, Carriers, Mass Phoenix 

Get SALT Encoding   

  12  0:01  Probe  
  13  0:13  Probe  
  14  0:18  Pylon  
  14  0:25  Probe  
  15  0:29  Assimilator  
  15  0:33  Probe  
  16  0:43  Probe  
  16  0:45  Gateway  
  17  0:53  Probe  
  18  1:05  Probe  
  19  1:17  Probe  
  20  1:25  Nexus  
  20  1:35  Cybernetics Core  
  20  1:37  Probe  
  21  1:42  Assimilator  
  21  1:49  Probe  
  21  1:53  Pylon  
  22  2:01  Probe  
  22  2:02  Adept  
  23  2:13  Probe  
  26  2:15  Stargate  
  26  2:20  Warp Gate  
  26  2:24  Probe  
  26  2:28  Adept  
  29  2:33  Probe  
  29  2:37  Probe  
  29  2:41  Probe  
  31  2:49  Probe  
  33  2:51  Phoenix  
  33  2:53  Probe  
  34  2:59  Gateway  
  34  3:03  Probe  
  34  3:05  Oracle  
  37  3:06  Probe  
  38  3:15  Probe  
  38  3:19  Probe  
  43  3:28  Pylon, Probe  
  43  3:31  Probe  
  45  3:35  Assimilator  
  45  3:39  Assimilator  
  45  3:40  Stargate, Probe  
  46  3:46  Probe  
  47  3:50  Pylon  
  47  3:52  Probe  
  48  3:57  Phoenix  
  48  3:58  Probe  
  51  4:04  Probe  
  52  4:10  Probe  
  52  4:15  Stargate  
  52  4:16  Probe  
  54  4:18  Pylon  
  54  4:22  Probe  
  55  4:24  Phoenix  
  55  4:28  Probe  
  58  4:32  Phoenix  
  58  4:34  Pylon, Probe  
  61  4:40  Probe  
  61  4:42  Adept  
  61  4:44  Pylon  
  61  4:45  Phoenix  
  64  4:52  Phoenix  
  66  4:59  Phoenix  
  66  5:02  Probe  
  71  5:13  Phoenix  
  71  5:17  Nexus  
  71  5:20  Probe  
  74  5:22  Phoenix  
  74  5:26  Probe  
  77  5:33  Probe  
  77  5:34  Protoss Air Weapons Level 1  
  78  5:37  Pylon  
  78  5:38  Probe  
  78  5:40  Zealot  
  78  5:41  Phoenix  
  83  5:45  Probe  
  84  5:50  Phoenix  
  84  5:55  Probe  
  85  6:05  Probe  
  85  6:06  Phoenix x2  
  85  6:07  Probe  
  85  6:10  Zealot  
  93  6:14  Shield Battery  
  93  6:16  Pylon  
  93  6:17  Probe  
  94  6:21  Pylon  
  94  6:23  Pylon  
  94  6:28  Phoenix, Probe  
  94  6:29  Probe x2  
  95  6:33  Zealot x2  
  97  6:40  Probe  
  97  6:43  Probe  
  97  6:45  Probe  
  100  6:48  Fleet Beacon  
  100  6:53  Shield Battery, Probe  
  101  6:54  Zealot x2  
  101  6:56  Probe  
  101  6:57  Shield Battery  
  106  7:01  Assimilator  
  106  7:03  Shield Battery  
  106  7:05  Probe  
  106  7:06  Phoenix  
  106  7:07  Assimilator  
  110  7:09  Pylon  
  110  7:10  Probe  
  110  7:17  Probe x2  
  110  7:22  Pylon, Probe  
  112  7:25  Carrier  
  112  7:26  Protoss Air Weapons Level 2  
  112  7:29  Probe  
  118  7:46  Carrier  
  118  7:47  Probe  
  118  7:50  Zealot x2  
  123  7:56  Forge  
  123  7:57  Graviton Catapult  
  129  8:00  Pylon  
  129  8:01  Void Ray  
  129  8:06  Pylon  
  129  8:11  Pylon  
  129  8:12  Probe  
  130  8:14  Pylon, Nexus  
  130  8:18  Zealot x2  
  138  8:22  Probe  
  139  8:28  Probe  
  139  8:29  Void Ray, Stargate  
  139  8:33  Photon Cannon  
  138  8:34  Shield Battery  
  138  8:35  Photon Cannon  
  138  8:38  Shield Battery, Probe, Photon Cannon  
  139  8:43  Anion Pulse-Crystals  
  143  8:54  Void Ray  
  147  9:00  Probe  
  147  9:01  Probe  
  149  9:06  Void Ray  
  149  9:08  Shield Battery  
  147  9:10  Photon Cannon  
  147  9:11  Probe  
  147  9:12  Void Ray  
  147  9:13  Photon Cannon  
  147  9:16  Probe  
  157  9:25  Void Ray  
  161  9:33  Protoss Air Weapons Level 3, Assimilator  
  161  9:38  Assimilator  
  159  9:50  Nexus  
  145  10:05  Carrier  
  151  10:12  Carrier  
  155  10:18  Probe  
  154  10:25  Photon Cannon  
  154  10:29  Photon Cannon  
  154  10:30  Carrier  
  154  10:32  Probe  
  142  10:37  Zealot x2  
  142  10:42  Oracle  
  141  10:51  Probe  
  141  10:54  Shield Battery  
  141  10:56  Mothership, Photon Cannon  
  146  10:58  Pylon  
  146  11:00  Photon Cannon  
  146  11:05  Probe x2  
  146  11:07  Twilight Council  
  146  11:09  Probe  
  149  11:12  Probe  
  149  11:18  Probe  
  151  11:19  Void Ray  
  163  11:40  Carrier  
  163  11:44  Robotics Facility  
  169  11:47  Templar Archives  
  169  12:04  Gateway  
  169  12:05  Probe  
  169  12:06  Gateway  
  166  12:10  Probe  
  166  12:13  Probe x2  
  157  12:18  Probe  
  157  12:21  Probe  
  151  12:24  Carrier  
  151  12:25  Probe  
  151  12:28  Probe  
  151  12:29  High Templar x2, Observer  
  163  12:32  Probe  
  163  12:33  Void Ray  
  163  12:35  Archon  
  164  12:38  Probe  
  164  12:40  Probe  
  164  12:44  Probe, Photon Cannon  
  160  12:45  Pylon  
  160  12:50  Probe  
  162  12:52  Carrier  
  168  13:01  Protoss Air Armor Level 1  
  168  13:02  High Templar x2  
  172  13:05  Pylon  
  172  13:06  Carrier  
  172  13:12  Archon  
  176  13:17  Probe  
  176  13:19  Probe  
  170  13:22  Zealot x2, Photon Cannon  
  164  13:28  Probe  
  164  13:29  Probe x2  
  164  13:32  Probe  
  162  13:35  Zealot x2  
  162  13:36  Probe  
  162  13:37  Probe  
  162  13:41  Probe  
  167  13:45  High Templar x2  
  167  13:47  Probe  
  171  13:50  Archon  
  172  14:07  High Templar x2  
  172  14:09  Probe  
  169  14:12  Void Ray  
  169  14:13  Void Ray  
  169  14:14  Probe  
  178  14:19  Archon  
  178  14:26  Void Ray  
  178  14:27  High Templar x2  
  178  14:28  Probe  
  183  14:33  Archon  
  183  14:34  Probe x2  
  183  14:36  Probe  
  182  14:44  Zealot x2  
  178  14:55  Void Ray x2  
  174  15:03  Void Ray  
  153  15:14  High Templar  
  153  15:15  High Templar x3  
  153  15:20  Void Ray  
  153  15:21  Archon x2  
  161  15:22  Probe  
  158  15:38  Void Ray  
  162  15:57  Pylon  
  162  15:58  Pylon  
  162  15:59  Pylon  
  162  16:00  Pylon  
  162  16:06  Forge  
  162  16:08  Pylon  
  162  16:14  Observer  
  162  16:16  Void Ray  
  167  16:19  Zealot x4  
  167  16:22  Void Ray  
  179  16:31  Pylon  
  179  16:40  High Templar x2  
Tags
 
Add a new tag
Caveats
  • Supply blocks, unpowered buildings, or Contaminate may cause inaccurate times.
  • Supply counts are checked every 10 seconds.